 Dungeon Crawl Stone Soup version 0.25.1-2-g60ff931df9 (webtiles) character file.

Game seed: 5383579348663079575

9319 Delamore the Basher (level 11, -3/60 HPs)
             Began as a Gargoyle Fighter on Aug 11, 2020.
             Was an Elder of Okawaru.
             Slain by a yak (6 damage)
             ... on level 8 of the Dungeon.
             The game lasted 00:13:10 (10752 turns).

Delamore the Basher (Gargoyle Fighter)             Turns: 10752, Time: 00:13:11

Health: -3/60      AC: 17    Str: 23    XL:     11   Next: 44%
Magic:  11/11      EV: 10    Int:  9    God:    Okawaru [****..]
Gold:   469        SH:  6    Dex:  9    Spells: 10/10 levels left

rFire    . . .     SeeInvis .   m - +10 spear "Dedoireo" {vorpal, +Inv}
rCold    . . .     Gourm    .   D - +0 buckler
rNeg     + . .     Faith    .   M - +3 ring mail
rPois    ∞         Spirit   .   (no helmet)
rElec    +         Reflect  .   (no cloak)
rCorr    .         Harm     .   (no gloves)
MR       .....                  j - +0 pair of boots
Stlth    ..........             u - amulet of the acrobat
HPRegen  0.20/turn              L - ring of flight
MPRegen  0.12/turn              (no ring)

@: no status effects
A: negative energy resistance 1, electricity resistance, unbreathing,
petrification resistance, rot immunity, AC +8
a: Heroism, Renounce Religion, Evoke Invisibility, Evoke Flight


You were on level 8 of the Dungeon.
You worshipped Okawaru.
Okawaru was greatly pleased with you.
You were not hungry.

You visited 2 branches of the dungeon, and saw 10 of its levels.

You collected 469 gold pieces.

Inventory:

Hand Weapons
 a - a +0 flail
 m - the +10 spear "Dedoireo" (weapon) {vorpal, +Inv}
   (You found it on level 8 of the Dungeon)

   It inflicts extra damage upon your enemies.
   It lets you turn invisible.
 K - a +3 whip
Missiles
 q - 66 poisoned darts
 z - 7 javelins (quivered)
 F - 3 curare-tipped darts
 I - a throwing net
Armour
 c - a +0 kite shield
 j - a +0 pair of boots (worn)
 D - a +0 buckler (worn)
 M - a +3 ring mail (worn)
Jewellery
 e - an uncursed ring of ice
 u - an amulet of the acrobat (around neck)
 L - a ring of flight (left hand)
Wands
 x - a wand of disintegration (11)
 A - a wand of enslavement (9)
 C - a wand of flame (54)
 H - a wand of iceblast (13)
Scrolls
 h - 4 scrolls of remove curse
 i - 4 scrolls of teleportation
 k - 3 scrolls of enchant weapon {unknown}
 o - 3 scrolls of immolation
 p - 3 scrolls of blinking
 r - 4 scrolls of amnesia {unknown}
 w - 2 scrolls of fog
 y - 3 scrolls of enchant armour {unknown}
 E - a scroll of magic mapping
 G - a scroll of fear
Potions
 d - 3 potions of might
 l - a potion of magic
 n - 3 potions of brilliance {unknown}
 s - 2 potions of mutation {unknown}
 t - 2 potions of stabbing {unknown}
 v - a potion of curing
 B - 3 potions of lignification {unknown}
Miscellaneous
 N - a phantom mirror
Comestibles
 b - a chunk of flesh
 f - 13 rations


   Skills:
 - Level 3.2 Fighting
 - Level 14.0 Maces & Flails
 - Level 3.2 Armour
 + Level 11.4 Shields


You had 10 spell levels left.
You didn't know any spells.
Your spell library contained the following spells:

 Spells                   Type           Power        Failure   Level  Hunger
 Animate Skeleton         Necr           N/A          54%         1    ##.....
 Pain                     Necr           #...         54%         1    ##.....
 Vampiric Draining        Necr           #.........   88%         3    ####...
 Animate Dead             Necr           N/A          99%         4    #####..
 Agony                    Necr           #.......     100%        5    ######.
 Irradiate                Conj/Tmut      #.........   100%        5    ######.
 Hydra Form               Tmut           #.........   100%        6    #######
 Dragon Form              Tmut           #.........   100%        7    #######
 Statue Form              Tmut/Erth      Unusable     N/A         6    N/A

Dungeon Overview and Level Annotations

Branches:
Dungeon (9/15)             Temple (1/1) D:6
   Lair: D:8-11         Orc: D:9-12

Altars:
Cheibriados
Dithmenos
Elyvilon
Fedhas
Gozag
Hepliaklqana
Kikubaaqudgha
Makhleb
Nemelex Xobeh
Okawaru
Qazlal
Sif Muna
Trog
Uskayaw
Wu Jian
Xom
Yredelemnul
Zin
The Shining One

Shops:
D:4 =


Innate Abilities, Weirdness & Mutations

You are resistant to torment.
Your stone body is resilient. (AC +8)
You are immune to poison.
You resist negative energy. (rN+)
You are resistant to electric shocks. (rElec)
You can survive without breathing.
You are immune to petrification.
You are immune to rotting.


Message History

The yak gores you but does no damage.
You see here a yak corpse.
You barely miss the yak. You puncture the yak!
The yak is moderately wounded.
The yak gores you but does no damage.
You hit the yak.
The yak is heavily wounded.
The yak barely misses you.
Your ring mail prevents you from hitting the yak.
The yak is heavily wounded.
The yak gores you but does no damage.
You hit the yak.
The yak is heavily wounded.
The yak gores you!
* * * LOW HITPOINT WARNING * * *
You puncture the yak!
The yak is almost dead.
The yak gores you.
You die...

##.###.......#..#...#..##..#
...>............##.##.###..######
##.###.##..#.#...#.#..# #........
##.# #.##..#<###.#'#.## #.#######
...###.##..#..##..#..# #.#
#..##.>.<.........#.## #.#
##.##.###.###.###...# #.# #..##.#
#.###.###..######.# .)###.#
#....YYY@.........# .## #.#
#####.############# .# #.# #.# .#
#.# #.# .# #.# #.#
.####.#######.# ......##......#
.^######.###### .........#


You could see 3 yaks.

Vanquished Creatures
  2 two-headed ogres
  A centaur warrior (D:8)
  The ghost of opiumtea the Fighter, a novice GrSk of Gozag (D:7)
  The ghost of Descartes the Thrower, a novice TrAM (D:7)
  An ugly thing (D:8)
  2 deep elf magi (D:8)
  A cyclops (D:8)
  3 hippogriffs
  Sigmund (D:5)
  A wyvern (D:9)
  2 yaks
  Eustachio (D:5)
  A phantom (D:9)
  2 sky beasts (D:6)
  2 orc warriors (D:7)
  5 ogres
  5 centaurs
  A water moccasin skeleton (D:8)
  6 killer bees (D:8)
  An oklob sapling (D:6)
  10 howler monkeys
  6 crimson imps
  A bullfrog zombie (D:8)
  5 hounds
  A quasit (D:6)
  A centaur skeleton (D:5)
  4 orc priests
  4 jellies
  13 orc wizards
  Terence (D:3)
  3 iguanas
  4 worker ants
  Natasha (twice) (D:3)
  A hound skeleton (D:8)
  A howler monkey zombie (D:8)
  3 gnolls
  6 adders
  2 oozes (D:1)
  3 adder skeletons
  4 worms
  4 leopard geckos
  24 orcs
  7 giant cockroaches
  3 goblins
  3 hobgoblins
  18 jackals
  4 quokkas
  2 ball pythons
  6 bats
  3 frilled lizards
  5 kobolds
  A leopard gecko skeleton (D:5)
  2 quokka zombies
  4 rats
  A plant (D:6)
202 creatures vanquished.

Vanquished Creatures (others)
  6 withered plants
6 creatures vanquished.

Grand Total: 208 creatures vanquished

Notes
Turn   | Place    | Note
-------+----------+-------------------------------------------
     0 | D:1      | Delamore the Gargoyle Fighter began the quest for the Orb.
     0 | D:1      | Reached XP level 1. HP: 14/14 MP: 1/1
   236 | D:1      | Reached XP level 2. HP: 19/19 MP: 2/2
   390 | D:1      | Reached skill level 3 in Maces & Flails
   803 | D:1      | Reached XP level 3. HP: 23/23 MP: 3/3
   887 | D:2      | Found a white marble altar of Elyvilon.
  1511 | D:2      | Reached skill level 4 in Maces & Flails
  1811 | D:3      | Noticed Terence
  1838 | D:3      | Killed Terence
  1838 | D:3      | Reached XP level 4. HP: 14/28 MP: 4/4
  2115 | D:3      | Noticed Natasha
  2148 | D:3      | Killed Natasha
  2148 | D:3      | Reached skill level 5 in Maces & Flails
  2148 | D:3      | Reached XP level 5. HP: 30/32 MP: 5/5
  2750 | D:3      | Noticed Natasha
  2757 | D:3      | Killed Natasha
  2855 | D:4      | Reached skill level 6 in Maces & Flails
  2855 | D:4      | Reached XP level 6. HP: 26/37 MP: 6/6
  3089 | D:4      | Found Inein's Jewellery Shoppe.
  3690 | D:5      | Entered Level 5 of the Dungeon
  3791 | D:5      | Reached skill level 7 in Maces & Flails
  3835 | D:5      | Reached XP level 7. HP: 16/41 MP: 7/7
  4071 | D:5      | Noticed Sigmund
  4073 | D:5      | Noticed a two-headed ogre
  4270 | D:5      | Noticed Eustachio
  4325 | D:5      | Killed Eustachio
  4325 | D:5      | Reached skill level 8 in Maces & Flails
  4810 | D:5      | Killed a two-headed ogre
  4810 | D:5      | Reached skill level 10 in Maces & Flails
  4810 | D:5      | Reached XP level 8. HP: 46/46 MP: 8/8
  4987 | D:5      | Killed Sigmund
  4987 | D:5      | Reached skill level 11 in Maces & Flails
  4987 | D:5      | Reached XP level 9. HP: 48/51 MP: 9/9
  5980 | D:6      | Reached skill level 12 in Maces & Flails
  6260 | D:6      | Found a staircase to the Ecumenical Temple.
  6302 | Temple   | Entered the Ecumenical Temple
  6423 | Temple   | Became a worshipper of Warmaster Okawaru
  7754 | D:7      | Reached skill level 13 in Maces & Flails
  8119 | D:7      | Found a runed translucent gate.
  8119 | D:7      | Found a runed translucent gate.
  8119 | D:7      | Found a runed translucent gate.
  8119 | D:7      | Noticed Descartes's ghost (novice TrAM)
  8123 | D:7      | Noticed opiumtea's ghost (novice GrSk)
  8134 | D:7      | Reached * piety under Okawaru
  8303 | D:8      | Reached XP level 10. HP: 56/56 MP: 10/10
  8684 | D:8      | Reached skill level 14 in Maces & Flails
  8951 | D:8      | Noticed a two-headed ogre
  8951 | D:8      | Noticed a deep elf mage
  8968 | D:8      | Killed a two-headed ogre
  8968 | D:8      | Reached ** piety under Okawaru
  8968 | D:8      | Reached skill level 5 in Shields
  8976 | D:8      | Killed a deep elf mage
  8993 | D:8      | Noticed a white ugly thing
  9003 | D:8      | Killed a white ugly thing
  9015 | D:8      | Got a dazzling spear
  9020 | D:8      | Noticed a cyclops
  9028 | D:8      | Killed a cyclops
  9028 | D:8      | Reached *** piety under Okawaru
  9108 | D:8      | Identified the +10 spear "Dedoireo" {vorpal, +Inv} (You
                  | found it on level 8 of the Dungeon)
  9271 | D:8      | Noticed a deep elf mage
  9286 | D:8      | Killed a deep elf mage
  9286 | D:8      | Reached XP level 11. HP: 50/60 MP: 11/11
  9794 | D:8      | Noticed a centaur warrior
  9808 | D:8      | Killed a centaur warrior
  9808 | D:8      | Reached **** piety under Okawaru
  9808 | D:8      | Reached skill level 10 in Shields
 10090 | D:7      | Killed Descartes's ghost
 10122 | D:7      | Killed opiumtea's ghost
 10556 | D:9      | Found a basalt altar of Yredelemnul.
 10751 | D:8      | HP: 3/60 [yak (8)]
 10752 | D:8      | Slain by a yak

Illustrated notes

Levels and vault maps discovered:
D:1:      minmay_arrival_checkered_box, layout_basic
D:2:      layout_loops_corners, elyvilon_altar_4
D:3:      layout_loops_corners, first_ration, minmay_fountain_box, uniq_terence,
          uniq_natasha
D:4:      layout_basic, serial_shops, shop, chequers_serial_rivers_room_b
D:5:      layout_loops_ring, uniq_eustachio, uniq_sigmund
D:6:      layout_basic, minmay_temple_entry_oklob, hex_large
D:7:      layout_gridville, gammafunk_ghost_cemetery
D:8:      minmay_the_grid_four_pointed_star
          [minmay_the_grid_triangle_9x9_intruding_spiral,
          minmay_the_grid_triangle_9x9_impossible_snake,
          minmay_the_grid_triangle_9x9_windchime,
          minmay_the_grid_triangle_9x9_semitri,
          minmay_the_grid_prize_four_corners], layout_loops_ring
D:9:      layout_gridville, yredelemnul_altar_generic
Temple:   dpeg_three_leaves_temple

Skill      XL: |  1  2  3  4  5  6  7  8  9 10 11 |
---------------+----------------------------------+-----
Maces & Flails | 3 4 5 6 7 10 11 13 14 | 14.0
Shields        | 9 11 | 11.4
Fighting       | |  3.2
Armour         | |  3.2

Action                   |  1- 3 |  4- 6 |  7- 9 | 10-12 || total
-------------------------+-------+-------+-------+-------++-------
Melee: Flail             |   143 |   212 |   181 |       ||   536
       Whip              |       |       |   395 |   142 ||   537
       Spear             |       |       |       |   155 ||   155
Throw: Javelin           |       |       |    12 |     5 ||    17
       Dart              |       |       |     8 |       ||     8
       Throwing net      |       |       |     2 |       ||     2
Evoke: Wand              |       |       |     1 |       ||     1
  Use: Scroll            |       |       |     6 |     4 ||    10
       Potion            |       |       |     1 |     8 ||     9
  Eat: Chunk             |     3 |     6 |    15 |     9 ||    33
Armor: Scale mail        |    78 |    60 |       |       ||   138
       Chain mail        |       |    99 |   273 |    53 ||   425
       Ring mail         |       |       |       |    77 ||    77
Dodge: Dodged            |    52 |   104 |   154 |   121 ||   431
Block: Kite shield       |    83 |    75 |       |       ||   158
       Buckler           |       |    14 |    67 |    73 ||   154
